 Dungeon Crawl Stone Soup version 0.18.1-8-gdd0e5ea (webtiles) character file.

147 vdate the Ruffian (level 5, -4/47 HPs)
             Began as a Minotaur Monk on May 31, 2016.
             Killed from afar by a white imp (11 damage)
             ... with a puff of frost
             ... summoned by Natasha
             ... on level 3 of the Dungeon.
             The game lasted 00:05:45 (1571 turns).

vdate the Ruffian (Minotaur Monk)                   Turns: 1571, Time: 00:05:45

Health: -4/47      AC:  3    Str: 15    XL:     5   Next: 7%
Magic:  4/4        EV: 13    Int:  7    God:
Gold:   57         SH:  0    Dex: 14    Spells: 0 memorised, 4 levels left

rFire  + . .     SeeInvis .     y - +0 dagger (speed)
rCold  . . .     Gourm    .     d - +0 leather armour
rNeg   . . .     Faith    .     (no shield)
rPois  .         Spirit   .     (helmet restricted)
rElec  .         Dismiss  .     (no cloak)
rCorr  .         Reflect  .     (no gloves)
SustAt .         Harm     .     (no boots)
MR     .....                    (no amulet)
Stlth  ++........               (no ring)
                                m - ring of protection from fire

@: lethally poisoned (-4 -> -5), not resistant to hostile enchantments,
unstealthy
A: retaliatory headbutt, horns 2, blink, blurry vision 1, low mp 1
a: Blink


You were on level 3 of the Dungeon.
You were not hungry.

You visited 1 branch of the dungeon, and saw 3 of its levels.

You collected 57 gold pieces.

Inventory:

Hand Weapons
 y - a +0 dagger of speed (weapon)
 G - a +0 vampiric dagger
Missiles
 B - 6 javelins (quivered)
Armour
 a - a +0 robe
 d - a +0 leather armour (worn)
 h - a +0 cloak
 v - a +0 pair of gloves
 F - a +0 scale mail
Jewellery
 m - a ring of protection from fire (left hand)
Wands
 t - a wand of disintegration (18/24)
Scrolls
 j - 2 scrolls of remove curse {unknown}
 k - 2 scrolls of identify {unknown}
 l - 2 scrolls of magic mapping {unknown}
 q - a scroll of fog {unknown}
 r - a scroll of enchant weapon {unknown}
 s - 2 scrolls of noise {unknown}
 w - a scroll of amnesia {unknown}
 z - a scroll of immolation {unknown}
 D - 3 scrolls of teleportation {unknown}
Potions
 g - a potion of heal wounds {unknown}
 n - a potion of brilliance {unknown}
 o - a potion of beneficial mutation {unknown}
 p - 2 potions of lignification {unknown}
 u - a potion of cure mutation {unknown}
 x - a potion of curing {unknown}
 A - a potion of agility
 E - a potion of berserk rage {unknown}
Comestibles
 b - a bread ration
 f - 2 meat rations
 i - 2 slices of pizza


   Skills:
 + Level 4.3 Fighting
 * Level 1.0 Short Blades
 * Level 0.8 Armour
 + Level 4.1 Dodging
 - Level 2.3 Stealth
 - Level 5.0 Unarmed Combat
 * Level 1.0 Evocations


You had 4 spell levels left.
You didn't know any spells.

Dungeon Overview and Level Annotations

Branches:
Dungeon (3/15)

Altars:

Annotations:
D:3 Natasha


Innate Abilities, Weirdness & Mutations

You reflexively headbutt those who attack you in melee.
You have a pair of horns on your head.
You can translocate small distances at will.
Scrolls take you a little longer to read.
Your magical capacity is low (-10% MP).


Message History

You hit Natasha. Your headbutt misses Natasha.
Natasha is heavily wounded.
You feel sick. Natasha claws you.
* * * LOW HITPOINT WARNING * * *
The crimson imp blinks!
The white imp barely misses you. You furiously retaliate!
You headbutt the white imp.
Unknown command.
You miss Natasha. Your headbutt misses Natasha.
Natasha is heavily wounded.
Natasha claws you but does no damage.
Drink which item? (? for menu, Esc to quit)
It was a potion of mutation.
You feel extremely strange.
Your vision blurs.
You feel less energetic.
You feel jittery.
The white imp hits you but does no damage.
Natasha mumbles some strange words.
Drink which item? (? for menu, Esc to quit)
It was a potion of cancellation.
You feel magically purged. The white imp gestures at you.
The puff of frost hits you!
You die...

######### #.......#
#.......# ....... #.......#
....... #####.......#
....... #..##.......###
....... #..##.........#
....... #...#.......#.#####
....... #@..........).....
.......###h55....<...)....#
.....h....5..####....####.#
........##...####.##.# #
........##...#....##.#
####...........#####.#
####..#....## #..
#....#..## ##. #..#..#..##
..


You could see Natasha, a crimson imp and 2 white imps.

Vanquished Creatures
  Ijyb (D:2)
  Jessica (D:2)
  Natasha (D:3)
  2 gnolls (D:2)
  An adder (D:3)
  2 giant geckos
  2 orcs (D:3)
  A ball python (D:2)
  2 giant cockroaches
  3 goblins
  7 hobgoblins
  6 kobolds
  4 bats
  A giant newt (D:1)
  7 rats
41 creatures vanquished.

Notes
Turn   | Place    | Note
--------------------------------------------------------------
     0 | D:1      | vdate the Minotaur Monk began the quest for the Orb.
     0 | D:1      | Reached XP level 1. HP: 19/19 MP: 0/0
   268 | D:1      | Reached XP level 2. HP: 24/27 MP: 1/1
   470 | D:2      | Noticed Ijyb
   483 | D:2      | Killed Ijyb
   483 | D:2      | Reached XP level 3. HP: 27/33 MP: 2/2
   733 | D:2      | Noticed Jessica
   742 | D:2      | Killed Jessica
   742 | D:2      | Reached skill level 5 in Unarmed Combat
   742 | D:2      | Reached XP level 4. HP: 40/40 MP: 3/3
  1226 | D:3      | Noticed Natasha
  1234 | D:3      | Killed Natasha
  1271 | D:2      | Reached skill level 1 in Evocations
  1534 | D:3      | Reached XP level 5. HP: 47/47 MP: 4/4
  1548 | D:3      | Noticed Natasha
  1565 | D:3      | Reached skill level 1 in Short Blades
  1570 | D:3      | Gained mutation: Scrolls take you a little longer to read. [potion of mutation]
  1570 | D:3      | Gained mutation: Your magical capacity is low (-10% MP). [potion of mutation]
  1570 | D:3      | Gained mutation: You can translocate small distances at will. [potion of mutation]
  1571 | D:3      | Killed from afar by a white imp

Skill      XL: |  1  2  3  4  5 |
---------------+----------------+-----
Fighting       | 4 |  4.3
Stealth        | 2 |  2.3
Unarmed Combat | 5 |  5.0
Dodging        | 4 |  4.1
Evocations     | 1 |  1.0
Short Blades   | 1 |  1.0
Armour         | |  0.8

Action                   |  1- 3 |  4- 6 || total
-------------------------+-------+-------++-------
Melee: Unarmed           |    45 |       ||    45
       Headbutt          |     8 |    10 ||    18
       Dagger            |       |    66 ||    66
       Punch             |       |     2 ||     2
  Use: Potion            |       |     2 ||     2
 Stab: Sleeping          |     8 |     1 ||     9
  Eat: Chunk             |       |     2 ||     2
Armor: Robe              |     3 |     1 ||     4
       Leather armour    |       |    11 ||    11
Dodge: Dodged            |    18 |    52 ||    70
